 Dungeon Crawl Stone Soup version 0.25.1-8-g42b30a86e7 (webtiles) character file.

Game seed: 18024138959298601707

903 Abzac the Cleaver (level 8, -5/102 HPs)
             Began as a Hill Orc Monk on Dec 20, 2020.
             Was a Priest of Okawaru.
             Killed by divine providence
             ... invoked by an orc priest
              (13 damage)
             ... on level 6 of the Dungeon.
             The game lasted 00:14:06 (6912 turns).

Abzac the Cleaver (Hill Orc Monk)                   Turns: 6912, Time: 00:14:07

Health: -5/102     AC: 24    Str: 16    XL:     8   Next: 7%
Magic:  11/11      EV:  2    Int: 10    God:    Okawaru [***...]
Gold:   315        SH:  0    Dex: 13    Spells: 7/7 levels left

rFire    . . .     SeeInvis .   a - +0 hand axe
rCold    . . .     Gourm    .   (no shield)
rNeg     + + +     Faith    .   (armour currently unavailable)
rPois    +         Spirit   .   (helmet currently unavailable)
rElec    .         Reflect  .   (cloak currently unavailable)
rCorr    +         Harm     .   (gloves currently unavailable)
MR       .....     NoTele   +   (boots currently unavailable)
Stlth    ++........             (no amulet)
HPRegen  0.27/turn              (no ring)
MPRegen  0.12/turn              v - ring of resist corrosion

@: tree-form, slowed, very slow
A: no striking features
a: Heroism, Renounce Religion, Convert to Beogh


You were on level 6 of the Dungeon.
You worshipped Okawaru.
Okawaru was most pleased with you.
You were not hungry.
You were a tree.
You visited 1 branch of the dungeon, and saw 6 of its levels.

You collected 315 gold pieces.

Inventory:

Hand Weapons
 a - a +0 hand axe (weapon)
 q - a cursed -1 arbalest
Armour
 b - a +0 robe
 e - a +0 scale mail (melded)
 f - a +0 helmet (melded)
 h - a +0 pair of gloves (melded)
 i - a +0 cloak (melded)
 k - a +0 chain mail
 o - a +0 ring mail
 w - a +0 plate armour
Jewellery
 g - an uncursed ring of teleportation
 v - a ring of resist corrosion (right branch)
Scrolls
 j - a scroll of magic mapping
 l - 2 scrolls of amnesia
 r - a scroll of random uselessness
 s - a scroll of teleportation {unknown}
 x - a scroll of remove curse
 y - a scroll of identify
Potions
 m - a potion of haste {unknown}
 n - a potion of lignification
 p - 2 potions of mutation {unknown}
 u - a potion of brilliance {unknown}
Comestibles
 c - 15 rations
 t - 3 chunks of flesh


   Skills:
 - Level 5.3 Fighting
 + Level 8.8 Axes
 + Level 4.1 Armour
 - Level 2.4 Dodging
 - Level 2.2 Stealth
 + Level 4.4 Invocations


You had 7 spell levels left.
You didn't know any spells.
Your spell library was empty.

Dungeon Overview and Level Annotations

Branches:
Dungeon (6/15)
 Temple: D:4-7

Altars:
Gozag
Okawaru
Qazlal

Annotations:
D:2 Natasha
D:5 Pikel


Message History

The orc priest hits you but does no damage.
You slash the orc wizard!
The orc wizard is severely wounded.
The orc wizard hits you but does no damage.
You hit the orc wizard.
The orc wizard is severely wounded.
The orc wizard barely misses you.
The orc priest hits you but does no damage.
You hit the orc wizard but do no damage.
The orc wizard is severely wounded.
The orc wizard gestures at you while chanting.
You feel yourself slow down.
The orc priest hits you but does no damage.
The orc wizard hits you but does no damage.
You closely miss the orc wizard.
The orc wizard is severely wounded.
The orc wizard hits you but does no damage.
The orc priest calls down the wrath of Beogh upon you.
Beogh smites you!
You die...

.'.........'..........)........
#.%.......# #.......#####....
#.......# ##.#...## #.##.
#.....# ##.#.#.## #.### #).o#
#.#...#.# #.# #o# ##.#(#.## #.#
#.# #########...######.### #o#
#.oo†.# ##.## #.......
##o###.###♣# #.# #.##.###
##...##.# #o# #.# #.# #
##.....#.###.# #.# #.###
.............#.# #.# #....
######.###.#.#.####.# ##### ###
#.#.....÷..# # #.....###### #
####### . #


You could see an orc priest, an orc wizard (fast) and an orc.

Vanquished Creatures
  Duvessa (D:6)
  An orc warrior (D:6)
  An ice beast (D:5)
  A centaur (D:5)
  Dowan (D:6)
  2 crimson imps
  2 hounds
  2 orc wizards (D:5)
  Natasha (twice) (D:3 D:2)
  A worker ant (D:6)
  2 hound skeletons
  3 gnolls (D:4)
  A howler monkey skeleton (D:4)
  4 adders
  4 dart slugs
  2 leopard geckos
  9 orcs
  2 giant cockroaches
  10 goblins
  11 hobgoblins
  17 jackals
  A quokka (D:5)
  5 ball pythons
  8 bats
  6 frilled lizards
  13 kobolds
  A leopard gecko zombie (D:5)
  3 rats
116 creatures vanquished.

Vanquished Creatures (others)
  An orc (D:6)
1 creature vanquished.

Grand Total: 117 creatures vanquished

Notes
Turn   | Place    | Note
-------+----------+-------------------------------------------
     0 | D:1      | Abzac the Hill Orc Monk began the quest for the Orb.
     0 | D:1      | Reached XP level 1. HP: 19/19 MP: 1/1
   326 | D:1      | Reached XP level 2. HP: 27/27 MP: 2/2
  1363 | D:1      | Reached skill level 5 in Axes
  1582 | D:1      | Reached XP level 3. HP: 29/33 MP: 3/3
  2185 | D:2      | Found an iron altar of Okawaru.
  2337 | D:2      | Became a worshipper of Warmaster Okawaru
  2337 | D:2      | Reached * piety under Okawaru
  2337 | D:2      | Reached ** piety under Okawaru
  2677 | D:2      | Reached XP level 4. HP: 41/41 MP: 4/4
  2907 | D:2      | You fall into a shaft and drop 1 floor!
  3019 | D:3      | Noticed Natasha
  3030 | D:3      | Killed Natasha
  3030 | D:3      | Reached skill level 6 in Axes
  3087 | D:3      | Noticed Natasha
  3095 | D:3      | HP: 1/41 [crimson imp[Natasha] (4)]
  3116 | D:2      | Killed Natasha
  3116 | D:2      | Reached XP level 5. HP: 7/47 MP: 2/5
  3148 | D:2      | Noticed Natasha
  3994 | D:3      | Found a stormy altar of Qazlal.
  3996 | D:3      | Noticed an air elemental
  3997 | D:3      | Noticed a water elemental
  3997 | D:3      | Noticed a fire elemental
  4336 | D:4      | Reached skill level 5 in Fighting
  4568 | D:4      | Reached skill level 7 in Axes
  4568 | D:4      | Reached skill level 1 in Armour
  4914 | D:4      | HP: 1/48 [gnoll/+0 flail (4)]
  5257 | D:4      | Reached XP level 6. HP: 19/56 MP: 3/6
  5668 | D:5      | Entered Level 5 of the Dungeon
  6015 | D:5      | Noticed an ice beast
  6032 | D:5      | Killed an ice beast
  6032 | D:5      | Reached skill level 1 in Invocations
  6049 | D:5      | Reached XP level 7. HP: 55/61 MP: 6/8
  6313 | D:5      | Noticed Pikel
  6348 | D:6      | Reached *** piety under Okawaru
  6348 | D:6      | Reached skill level 8 in Axes
  6466 | D:6      | Found an opulent altar of Gozag.
  6505 | D:6      | Noticed Dowan
  6506 | D:6      | Noticed Duvessa
  6550 | D:6      | Killed Duvessa
  6580 | D:6      | Killed Dowan
  6865 | D:6      | Reached XP level 8. HP: 36/68 MP: 8/11
  6890 | D:6      | HP: 2/68 [orc priest/cursed -3 trident (5)]
  6897 | D:6      | HP: 4/102 [poisoned by a worker ant]
  6912 | D:6      | Killed from afar by an orc priest

Illustrated notes

Levels and vault maps discovered:
D:1:      dpeg_arrival_simpleton_a, layout_loops_cross
D:2:      layout_loops_corners, okawaru_altar_gauntlet_db, minivault_11,
          kennysheep_small_spiral
D:3:      layout_basic, first_ration, nicolae_qazlal_style_of_elements,
          uniq_natasha
D:4:      layout_basic, skrybe_limestone_x
D:5:      layout_loops_ring, nicolae_ru_great_annihilating_truth, uniq_pikel
D:6:      layout_loops_corners, tso_metal_star, basic_altar, uniq_duvessa

Skill      XL: |  1  2  3  4  5  6  7 |
---------------+----------------------+-----
Fighting       | 4 5 |  5.3
Axes           | 5 6 7 8 |  8.8
Armour         | 1 2 4 |  4.1
Stealth        | 2 |  2.2
Invocations    | 2 4 |  4.4
Dodging        | |  2.4

Action                   |  1- 3 |  4- 6 |  7- 9 || total
-------------------------+-------+-------+-------++-------
Melee: Hand axe          |   149 |   287 |   171 ||   607
Invok: Heroism           |       |     6 |     3 ||     9
  Use: Scroll            |     4 |     3 |       ||     7
       Potion            |       |     2 |     2 ||     4
 Stab: Sleeping          |     5 |       |       ||     5
  Eat: Chunk             |     6 |     7 |     3 ||    16
       Ration            |       |     1 |       ||     1
Armor: Robe              |    16 |       |       ||    16
       Ring mail         |    20 |    69 |       ||    89
       Scale mail        |       |    57 |    72 ||   129
       Skin              |       |       |    39 ||    39
Dodge: Dodged            |   113 |   209 |   104 ||   426
